 Dungeon Crawl Stone Soup version 0.27-a0-732-ga892ba84f6 (webtiles) character file.

Game seed: 5436245000167542723

1918 rageheart7 the Scholar of Death (level 8, -3/61 HPs)
             Began as a Demonspawn Necromancer on Mar 23, 2021.
             Was a Follower of Kikubaaqudgha.
             Slain by a bullfrog (7 damage)
             ... on level 6 of the Dungeon.
             The game lasted 00:17:33 (7641 turns).

rageheart7 the Scholar of Death (DsNe)              Turns: 7641, Time: 00:17:34

Health: -3/61      AC:  6    Str: 10    XL:     8   Next: 95%
Magic:  3/17       EV: 12    Int: 17    God:    Kikubaaqudgha [*.....]
Gold:   219        SH:  0    Dex: 14    Spells: 6/19 levels left

rFire    . . .     SeeInvis .   d - +5 spear (vorpal)
rCold    + . .     Faith    .   (no shield)
rNeg     . . .     Spirit   .   a - +0 robe
rPois    .         Reflect  .   (helmet restricted)
rElec    .         Harm     .   p - +1 cloak {rCorr}
rCorr    +         Rampage  .   (gloves unavailable)
Will     .....                  (no boots)
Stlth    ++........             (no amulet)
HPRegen  0.20/turn              (no ring)
MPRegen  0.15/turn              (no ring)

@: no status effects
A: claws 3, icy blue scales 1, powered by pain 1, horns 1, cold resistance 1
a: Renounce Religion, Receive Corpses


You were on level 6 of the Dungeon.
You worshipped Kikubaaqudgha.
Kikubaaqudgha was aware of your devotion.
You visited 2 branches of the dungeon, and saw 7 of its levels.

You collected 219 gold pieces.

Inventory:

Hand Weapons
 c - the +5 morningstar "Pionikal" {vorpal, Str+5}
   (You took it off an orc on level 4 of the Dungeon)

   It inflicts extra damage upon your enemies.
   It affects your strength (+5).
 d - a +5 vorpal spear (weapon)
 g - a +0 trident of protection
 o - a +1 vampiric scythe
Armour
 a - a +0 robe (worn)
 f - a +0 buckler
 n - a +1 helmet
 p - a +1 cloak of preservation (worn)
 q - a +0 pair of gloves of strength
Wands
 s - a wand of random effects (17)
Scrolls
 i - a scroll of immolation {unknown}
 j - a scroll of blinking {unknown}
 k - 2 scrolls of teleportation
 r - a scroll of brand weapon
 t - a scroll of vulnerability {unknown}
Potions
 b - a potion of resistance
 e - 2 potions of flight
 h - a potion of lignification
 m - a potion of brilliance


   Skills:
 * Level 4.4 Fighting
 * Level 4.5 Polearms
 - Level 1.7 Dodging
 - Level 1.7 Stealth
 - Level 6.2 Spellcasting
 + Level 8.6 Necromancy


You had 6 spell levels left.
You knew the following spells:

 Your Spells              Type           Power      Damage    Failure   Level
b - Animate Skeleton      Necr           68%        N/A       1%          1
c - Vampiric Draining     Necr           17%        2d8       1%          3
d - Animate Dead          Necr           17%        N/A       3%          4
e - Agony                 Necr           34%        N/A       10%         5

Your spell library contained the following spells:

 Spells                   Type           Power      Damage    Failure   Level
 Pain                     Necr           100%       1d9       1%          1


Dungeon Overview and Level Annotations

Branches:
Dungeon (6/15)             Temple (1/1) D:5

Altars:
Ashenzari
Cheibriados
Dithmenos
Elyvilon
Fedhas
Gozag
Hepliaklqana
Kikubaaqudgha
Makhleb
Okawaru
Qazlal
Ru
Sif Muna
Trog
Uskayaw
Vehumet
Xom
Yredelemnul
Zin
The Shining One


Innate Abilities, Weirdness & Mutations

You have claws for hands.
You are partially covered in icy blue scales. (AC +2)
You sometimes gain a little power by taking damage.
You have a pair of small horns on your head.
Your flesh is cold resistant. (rC+)


Message History

The white imp hits you but does no damage.
The quokka bites you.
* * * LOW HITPOINT WARNING * * *
The hound completely misses you.
Casting: Vampiric Draining (safe; 1% risk of failure)
Confirm with . or Enter, or press ? or * to list all spells.
You don't know that spell.
Unknown command.
Casting: Vampiric Draining (safe; 1% risk of failure)
Confirm with . or Enter, or press ? or * to list all spells.
Aiming: Vampiric Draining (safe; 1% risk of failure)
Press: ? - help, Shift-Dir - straight line, f - hound, p - howler monkey
Aim: a hound You draw life force from the hound!
You feel life coursing into your body. The howler monkey misses you.
The hound pauses to sniff the ground.
The hound bites you.
* * * LOW HITPOINT WARNING * * *
The quokka misses you. The white imp closely misses you.
The howler monkey hits you!
* * * LOW HITPOINT WARNING * * *
A worker ant comes into view.
Casting: Vampiric Draining (safe; 1% risk of failure)
Confirm with . or Enter, or press ? or * to list all spells.
You don't have enough magic to cast this spell.
Unknown command.
As you read the scroll of fear, it crumbles to dust.
You assume a fearsome visage.
The worker ant looks frightened!
The bullfrog resists with some effort.
The hound looks frightened!
The howler monkey looks frightened!
The quokka looks frightened!
The white imp is unaffected.
The white imp misses you.
The white imp hits you but does no damage.
Items here: ! $ ) ? †.
The bullfrog barely misses you. The white imp gestures at you.
The puff of frost hits you. You resist.
* * * LOW HITPOINT WARNING * * *
The bullfrog hits you!
You die...
Kikubaaqudgha rasps: "You have failed me!
Welcome... death!"

#.......#....###### #.#.
######.##....#########.#.
.....................
.....##'##########.#.
.....##.######## #.#.
.....##......... #.##
..#.##..####### #..
#.#......h..# ###
#@#.........#.#
#F..............
#..5..........##
#.)...........#
#.:...........#
#.............#
.............### .#
............#'## ..#.
#.....##..###.#.#


You could see a bullfrog and a white imp.

Vanquished Creatures
  Pikel (D:4)
  Sigmund (D:5)
  Eustachio (D:4)
  2 ogres
  A phantom (D:6)
  Blork the orc (D:4)
  A gnoll sergeant (D:6)
  2 scorpions (D:5)
  A centaur zombie (D:6)
  2 hounds
  An orc priest (D:4)
  Crazy Yiuf (D:3)
  2 jellies
  2 bullfrog skeletons
  Jessica (D:2)
  Natasha (twice) (D:2)
  2 orc wizards (D:6)
  2 worker ants (D:4)
  A hound zombie (D:6)
  A hound skeleton (D:6)
  7 gnolls (D:6)
  9 adders
  2 shadow imps
  An ufetubus (D:6)
  An adder zombie (D:5)
  2 adder skeletons (D:4)
  3 worms (D:4)
  3 dart slugs
  8 orcs
  5 giant cockroaches
  4 goblins
  A hobgoblin (D:2)
  2 kobolds (D:3)
  7 oozes
  4 quokkas
  3 ball pythons
  2 bats
  5 frilled lizards
  A quokka skeleton (D:4)
  3 rats
101 creatures vanquished.

Vanquished Creatures (collateral kills)
  An adder (D:3)
1 creature vanquished.

Vanquished Creatures (others)
  An adder (D:4)
  A fungus (D:3)
2 creatures vanquished.

Grand Total: 104 creatures vanquished

Notes
Turn   | Place    | Note
-------+----------+-------------------------------------------
     0 | D:1      | rageheart7 the Demonspawn Necromancer began the quest for
                  | the Orb.
     0 | D:1      | Reached XP level 1. HP: 13/13 MP: 3/3
   419 | D:1      | Learned a level 1 spell: Animate Skeleton
   782 | D:1      | Gained mutation: You have sharp fingernails. [demonic
                  | ancestry]
   782 | D:1      | Reached XP level 2. HP: 19/20 MP: 5/5
  1785 | D:2      | Gained mutation: You sometimes gain a little power by
                  | taking damage. [demonic ancestry]
  1785 | D:2      | Reached XP level 3. HP: 25/25 MP: 6/6
  1806 | D:2      | Reached skill level 5 in Necromancy
  1840 | D:2      | Noticed Jessica
  1845 | D:2      | Killed Jessica
  1846 | D:2      | Reached skill level 1 in Fighting
  2024 | D:2      | Gained mutation: You are partially covered in icy blue
                  | scales. (AC +2) [demonic ancestry]
  2024 | D:2      | Reached XP level 4. HP: 32/32 MP: 8/8
  2069 | D:2      | Noticed Natasha
  2084 | D:2      | Killed Natasha
  2293 | D:2      | Noticed Natasha
  2305 | D:2      | Killed Natasha
  2570 | D:3      | Learned a level 3 spell: Vampiric Draining
  2575 | D:3      | Learned a level 4 spell: Animate Dead
  2590 | D:3      | Reached XP level 5. HP: 30/37 MP: 10/10
  2917 | D:3      | Found a faded altar of an unknown god.
  3144 | D:3      | Found a runed translucent door.
  3145 | D:3      | Noticed Crazy Yiuf
  3479 | D:3      | Killed Crazy Yiuf
  4169 | D:4      | Found a stormy altar of Qazlal.
  4306 | D:4      | Noticed Pikel
  4306 | D:4      | Noticed a lemure
  4306 | D:4      | Noticed a lemure
  4306 | D:4      | Noticed a lemure
  4307 | D:4      | Noticed a lemure
  4333 | D:4      | Gained mutation: Your flesh is cold resistant. (rC+)
                  | [potion of mutation]
  4333 | D:4      | Gained mutation: You have a pair of small horns on your
                  | head. [potion of mutation]
  4360 | D:4      | HP: 2/57 [Pikel/+2 whip of freezing (1)]
  4376 | D:4      | Killed Pikel
  4377 | D:4      | Reached skill level 5 in Spellcasting
  4377 | D:4      | Reached skill level 6 in Necromancy
  4377 | D:4      | Reached XP level 6. HP: 6/46 MP: 11/14
  4377 | D:4      | Gained mutation: You have very sharp fingernails. [demonic
                  | ancestry]
  4377 | D:4      | Reached XP level 7. HP: 7/51 MP: 11/15
  4412 | D:4      | Learned a level 5 spell: Agony
  4435 | D:4      | Identified the +5 morningstar "Pionikal" {vorpal, Str+5}
  4924 | D:4      | Noticed Blork the orc
  4935 | D:4      | Killed Blork the orc
  4944 | D:4      | Identified the +7 hunting sling "Fyifulonk" {flame, Stlth+}
  4968 | D:4      | Reached skill level 1 in Polearms
  4968 | D:4      | Reached skill level 7 in Necromancy
  5077 | D:4      | Found a radiant altar of Vehumet.
  5136 | D:4      | Noticed Eustachio
  5149 | D:4      | Killed Eustachio
  5150 | D:4      | Gained mutation: You have claws for hands. [demonic
                  | ancestry]
  5150 | D:4      | Reached XP level 8. HP: 38/58 MP: 7/17
  5599 | D:5      | Entered Level 5 of the Dungeon
  5599 | D:5      | Noticed Sigmund
  5760 | D:5      | Killed Sigmund
  5794 | D:5      | Found a bloodstained altar of Trog.
  5809 | D:5      | Reached skill level 8 in Necromancy
  5924 | D:5      | Found a staircase to the Ecumenical Temple.
  5939 | Temple   | Entered the Ecumenical Temple
  6051 | Temple   | Became a worshipper of Kikubaaqudgha
  7633 | D:6      | Reached * piety under Kikubaaqudgha
  7633 | D:6      | Identified Kikubaaqudgha's Collected Works on Black Rituals
                  | (Kikubaaqudgha gifted it to you on level 6 of the Dungeon)
  7633 | D:6      | Received a gift from Kikubaaqudgha
  7641 | D:6      | Slain by a bullfrog

Illustrated notes

Levels and vault maps discovered:
D:1:      ebering_trefoil_3fold, layout_loops_ring, st_stairs_12,
          hangedman_decor_push, roderic_roman_lattice, wad_floor_pattern_2
D:2:      layout_basic, tso_altar, uniq_jessica, uniq_natasha
D:3:      layout_basic, chequers_ecumenical_altar_simple_redux,
          minmay_misc_feat_columns, uniq_crazy_yiuf_cottage
D:4:      minmay_clustersquares, layout_basic, grunt_qazlal_clouds,
          nicolae_overflow_crystal_walls, uniq_eustachio, uniq_pikel,
          uniq_blork_the_orc
D:5:      layout_cave_pools, lemuel_crystal_altar,
          minmay_temple_entry_mini_moons, uniq_sigmund
D:6:      layout_basic
Temple:   lightli_temple_of_artemis

Skill      XL: |  1  2  3  4  5  6  7  8 |
---------------+-------------------------+-----
Necromancy     | 5 6 7 8 |  8.6
Fighting       | 1 2 3 4 |  4.4
Spellcasting   | 3 5 6 |  6.2
Polearms       | 1 4 |  4.5
Dodging        | |  1.7
Stealth        | |  1.7

Action                   |  1- 3 |  4- 6 |  7- 9 || total
-------------------------+-------+-------+-------++-------
Melee: Dagger            |    43 |       |       ||    43
       Unarmed           |     1 |       |       ||     1
       Hand axe          |    21 |    49 |       ||    70
       Trident           |       |   110 |   138 ||   248
       Headbutt          |       |       |    19 ||    19
       Spear             |       |       |    62 ||    62
 Cast: Pain              |    27 |    28 |     3 ||    58
       Animate Skeleton  |     6 |     5 |     9 ||    20
       Vampiric Draining |       |       |    36 ||    36
       Animate Dead      |       |       |     2 ||     2
Evoke: Wand              |       |       |     2 ||     2
  Use: Scroll            |       |     6 |     6 ||    12
       Potion            |       |     5 |     3 ||     8
 Stab: Sleeping          |     1 |     5 |     6 ||    12
       Distracted        |       |       |     1 ||     1
Armor: Robe              |    20 |    48 |    66 ||   134
       Skin              |       |    38 |    19 ||    57
Dodge: Dodged            |    53 |    82 |   118 ||   253

Table legend: (Time is in decaauts)
 A = Elapsed time spent in this place.
 B = Non-inter-level travel time spent in this place.
 C = Inter-level travel time spent in this place.
 D = Time resting spent in this place.
 E = Time spent auto-exploring this place.
 F = Levels seen in this place.
 G = Mean time per level.
                   A        B        C        D        E       F      G
               +--------+--------+--------+--------+--------+-----+--------+
         Total |   7699 |   7426 |    273 |   1611 |   4641 |   7 | 1099.9 |
       Dungeon |   7572 |   7312 |    260 |   1611 |   4534 |   6 | 1262.0 |
        Temple |    126 |    113 |     13 |      0 |    107 |   1 |  126.0 |
               +--------+--------+--------+--------+--------+-----+--------+

Top non-repeatable levels by time:
     D:4: 2158 daAuts
     D:1: 1588 daAuts
     D:6: 1071 daAuts
     D:3: 1045 daAuts
     D:2: 987 daAuts
     D:5: 721 daAuts
  Temple: 126 daAuts
